Map: Shrines of Lizul

Players

Lostway

  • Race: Zerg Zerg
  • League: Master
  • Spawn Location: 3:00

SecondOne

  • Race: Terran Terran
  • League: Master
  • Spawn Location: 12:00

PureLegacy - Winner!

  • Race: Terran Terran
  • Spawn Location: 9:00

LOADBLASTER - Winner!

  • Race: Terran Terran
  • League: Master
  • Spawn Location: 6:00

VOD

Have the link to the VOD?

Description

Time

  • Played on: Nov. 26, 2018, 10:44 a.m.
  • Length: 5:32
Show
View Real Time Build Order
Export as new Build Order

Lostway Zerg 

Build Orders: Pool First, Ravager All-In 

Get SALT Encoding   

  12  0:01  Drone  
  13  0:13  Overlord  
  13  0:18  Drone  
  14  0:31  Drone x2  
  14  0:35  Drone  
  17  0:48  Spawning Pool  
  16  0:50  Extractor  
  16  0:52  Drone  
  16  0:56  Drone  
  17  1:07  Drone  
  18  1:17  Drone  
  19  1:28  Overlord  
  19  1:35  Queen  
  19  1:36  Roach Warren  
  20  1:40  Drone  
  21  1:51  Drone  
  22  2:10  Extractor  
  21  2:16  Roach x2  
  25  2:23  Roach  
  27  2:34  Drone  
  28  2:46  Roach  
  28  2:47  Overlord  
  28  2:48  Overlord  
  30  2:53  Overlord  
  30  3:02  Hatchery  
  29  3:07  Roach  
  29  3:12  Roach  
  33  3:17  Roach, Zergling x4  
  37  3:27  Roach x4  
  37  3:30  Roach  
  37  3:33  Queen  
  41  3:42  Ravager x2  
  41  3:43  Ravager x2  
  41  3:52  Ravager x2  
  41  3:55  Ravager x2  
  43  4:03  Drone x4  
  43  4:04  Drone  
  42  4:42  Drone x3  
  36  4:48  Drone x2  
  36  4:49  Drone  
  34  4:57  Drone  
  34  4:59  Drone  
  36  5:05  Drone  
  37  5:11  Drone  
  38  5:16  Spore Crawler  
  38  5:17  Spore Crawler  
Show
View Real Time Build Order
Export as new Build Order

SecondOne Terran 

Build Orders:  

Get SALT Encoding   

  12  0:00  SCV  
  13  0:12  SCV  
  14  0:17  Supply Depot  
  14  0:24  SCV  
  15  0:28  Refinery  
  15  0:39  SCV  
  16  0:45  Barracks  
  16  0:51  SCV  
  17  1:05  Barracks  
  17  1:09  SCV  
  18  1:21  SCV  
  19  1:27  Barracks  
  19  1:33  Reaper  
  20  1:42  Orbital Command  
  20  1:54  Supply Depot  
  20  1:55  Reaper  
  20  2:01  Refinery  
  21  2:07  Reaper  
  22  2:14  Reaper  
  23  2:16  SCV  
  24  2:27  Reaper  
  24  2:28  SCV  
  25  2:39  Reaper  
  25  2:40  SCV  
  27  2:46  Supply Depot  
  27  2:48  Reaper  
  28  2:55  SCV  
  29  2:59  Reaper  
  30  3:12  Reaper  
  30  3:20  Reaper  
  27  3:27  SCV  
  27  3:31  Reaper  
  29  3:39  SCV  
  30  3:44  Reaper  
  30  3:46  Supply Depot  
  29  3:50  Command Center  
  29  3:52  Reaper  
  30  3:58  SCV  
  31  4:03  Reaper  
  31  4:07  Supply Depot  
  32  4:11  SCV  
  32  4:16  Reaper  
  32  4:24  Reaper  
  32  4:31  Barracks, SCV  
  33  4:32  Barracks  
  33  4:34  Barracks  
  33  4:35  Reaper  
  33  4:43  SCV  
  34  4:48  Reaper  
  35  4:55  Engineering Bay, SCV  
  35  4:56  Reaper  
  36  5:05  SCV  
  28  5:17  SCV  
Show
View Real Time Build Order
Export as new Build Order

PureLegacy Terran - Winner!

Build Orders:  

Get SALT Encoding   

  12  0:02  SCV  
  13  0:15  SCV  
  13  0:21  Supply Depot  
  14  0:27  SCV  
  15  0:36  Refinery  
  15  0:48  SCV  
  15  0:49  Barracks  
  16  1:00  SCV  
  17  1:08  Barracks  
  17  1:27  Barracks, SCV  
  18  1:38  Reaper  
  19  1:40  Orbital Command  
  19  1:49  Refinery  
  19  1:58  Reaper  
  20  2:05  Supply Depot  
  21  2:10  Reaper  
  21  2:14  SCV  
  21  2:15  Reaper  
  23  2:30  Reaper  
  23  2:38  Supply Depot  
  23  2:42  Reaper  
  23  2:43  SCV  
  25  2:51  Reaper  
  26  2:56  SCV  
  27  3:02  Reaper  
  28  3:08  SCV  
  29  3:16  Reaper  
  30  3:20  SCV  
  30  3:27  Reaper  
  30  3:32  Command Center  
  30  3:34  Reaper, SCV  
  32  3:48  Reaper  
  33  3:54  Barracks  
  32  3:59  Barracks, Reaper  
  33  4:06  Reaper  
  33  4:09  SCV  
  33  4:44  Reaper x4  
  35  4:48  Reaper  
  35  4:49  Orbital Command  
  35  4:50  SCV  
  35  4:52  Supply Depot  
  37  5:02  SCV  
Show
View Real Time Build Order
Export as new Build Order

LOADBLASTER Terran - Winner!

Build Orders:  

Get SALT Encoding   

  12  0:02  SCV  
  13  0:14  SCV  
  14  0:18  Supply Depot  
  14  0:26  SCV  
  15  0:31  Refinery  
  15  0:40  SCV  
  16  0:46  Barracks  
  16  0:52  SCV  
  17  0:59  Refinery  
  17  1:04  SCV  
  18  1:16  SCV  
  19  1:34  Reaper, Orbital Command  
  19  1:39  Factory  
  20  1:51  Supply Depot  
  20  2:01  SCV  
  21  2:07  Reaper  
  22  2:13  SCV  
  23  2:23  Hellion  
  23  2:25  SCV  
  26  2:33  Command Center  
  26  2:39  Barracks Reactor  
  26  2:45  Starport  
  26  2:47  Factory Tech Lab  
  26  2:51  SCV  
  27  2:57  Supply Depot  
  27  3:06  SCV  
  27  3:08  Siege Tank  
  31  3:18  Marine x2  
  33  3:22  SCV  
  33  3:23  Medivac  
  33  3:34  SCV  
  33  3:36  Marine x2  
  38  3:50  Orbital Command  
  38  3:54  Marine  
  36  3:56  SCV  
  36  4:00  Cloaking Field, Banshee  
  36  4:02  Hellion  
  42  4:05  Marine  
  43  4:13  Marine  
  44  4:19  SCV x2  
  44  4:22  Marine  
  47  4:27  Hellion  
  47  4:31  Marine, SCV x2  
  47  4:40  Marine  
  47  4:43  SCV x2  
  47  4:44  Banshee  
  49  4:48  Marine  
  50  4:53  Supply Depot  
  50  4:55  Supply Depot, SCV x2  
  50  4:59  Marine  
  52  5:00  Factory Tech Lab  
  53  5:07  SCV  
  53  5:09  SCV  
  53  5:11  Marine  
  52  5:19  SCV  
  57  5:29  Command Center  
Tags
 
Add a new tag
Caveats
  • Supply blocks, unpowered buildings, or Contaminate may cause inaccurate times.
  • Supply counts are checked every 10 seconds.